 Dungeon Crawl Stone Soup version 0.28-a0-872-g80cf8599ee (webtiles) character file.

Game seed: 13619113884972105251

88 ytrimaz the Skirmisher (level 4, -7/35 HPs)
             Began as a Demonspawn Fighter on Nov 20, 2021.
             Was an Initiate of Cheibriados.
             Mangled by Sigmund (12 damage)
             ... on level 2 of the Dungeon.
             The game lasted 00:04:14 (1663 turns).

ytrimaz the Skirmisher (Demonspawn Fighter)         Turns: 1663, Time: 00:04:15

Health: -7/35      AC:  6    Str: 23 (24) XL:     4   Next: 30%
Magic:  4/4        EV:  9    Int:  7 (10) God:    Cheibriados [......]
Gold:   20         SH:  0    Dex: 11 (14) Spells: 3/3 levels left

rFire   . . .      SeeInvis .   a - +1 war axe (elec)
rCold   . . .      Faith    .   c - +0 buckler
rNeg    . . .      Spirit   .   b - +0 scale mail
rPois   +          Reflect  .   (helmet restricted)
rElec   .          Harm     .   (no cloak)
rCorr   .          Rampage  .   (no gloves)
Will    .....                   (no boots)
Stlth   ..........              (no amulet)
HPRegen 0.11/turn               g - ring "Dosotef" {Fly rPois Str+6 Stlth+}
MPRegen 0.18/turn               (no ring)

@: confused, about to teleport, flying, very slow
A: horns 1, demonic guardian 1, magic regeneration
a: Renounce Religion


You were on level 2 of the Dungeon.
You worshipped Cheibriados.
Cheibriados was noncommittal.
You visited 1 branch of the dungeon, and saw 2 of its levels.

You collected 20 gold pieces.

Inventory:

Hand Weapons
 a - a +1 war axe of electrocution (weapon)
Missiles
 e - 5 silver javelins (quivered)
 n - 25 poisoned darts
Armour
 b - a +0 scale mail (worn)
 c - a +0 buckler (worn)
Jewellery
 g - the ring "Dosotef" (left hand) {Fly rPois Str+6 Stlth+}
   (You acquired it on level 2 of the Dungeon)

   [ring of strength]

   Str:       It affects your strength (+6).
   rPois:     It protects you from poison.
   Fly:       It grants you flight.
   Stlth:     It makes you more stealthy.
Wands
 i - a wand of flame (14)
Scrolls
 h - a scroll of magic mapping {unknown}
 k - a scroll of teleportation
 l - a scroll of enchant armour {unknown}


   Skills:
 + Level 3.4 Fighting
 + Level 2.9 Axes
 + Level 3.3 Armour
 + Level 3.1 Shields


You had 3 spell levels left.
You didn't know any spells.
Your spell library contained the following spells:

 Spells                   Type           Power      Damage    Failure   Level
 Summon Small Mammal      Summ           0%         N/A       78%         1
 Animate Armour           Summ/Erth      0%         N/A       100%        4
 Leda's Liquefaction      Hex/Erth       0%         N/A       100%        4
 Iron Shot                Conj/Erth      0%         9d1       100%        6


Dungeon Overview and Level Annotations

Branches:
Dungeon (2/15)

Altars:
Cheibriados

Annotations:
D:2 Sigmund


Innate Abilities, Weirdness & Mutations

You have a pair of small horns on your head.
A weak demonic guardian rushes to your aid.
You regenerate magic rapidly.


Message History

You feel very mighty all of a sudden. Something hits you!
The hobgoblin hits you.
You barely miss the hobgoblin. Your headbutt misses the hobgoblin.
The hobgoblin barely misses you. Something hits you but does no damage.
You slash the hobgoblin!
You kill the hobgoblin!
Cheibriados thoroughly appreciates the change of pace.
You hear some strange, mumbled words.
You are confused.
You're too confused to move!
You hear some strange, mumbled words.
A puff of flame appears from out of thin air!
The puff of flame hits you!
Unknown command.
You hear some strange, mumbled words.
A puff of flame appears from out of thin air!
The puff of flame misses you.
You barely miss something. Something hits you.
Unknown command.
It was a potion of flight.
You feel more buoyant. Something hits you but does no damage.
It was a potion of cancellation.
Your magical effects are unravelling.
You feel magically purged.
You feel less confused.
You feel a little less mighty now. Something hits you!
* * * LOW HITPOINT WARNING * * *
A demonic guardian appears!
It was a potion of degeneration.
There was something very wrong with that liquid.
You feel weakened.
You feel dopey.
You feel clumsy.
Unknown command.
As you read the scroll of teleportation, it crumbles to dust.
You feel strangely unstable.
You hear some strange, mumbled words.
You are confused.
Unknown command.
You bump into the rock wall.
Something hits you!
You die...

##.###.# #.# #.# .>.#
#.# #.# ...# #####.. ..#
#.# ...# ......# ### #.#
.... ####### #.# .⌠..
#.####### ....
#.{.....######...#
#@#####........... #5#
#.†..8.#...# #.#
#........... #.#
########...# # #.# ....
## #.# .⌠.. .########
##.## .... ...†....#
####...###### ...#
.######.####...........#
.#


You could see a friendly ufetubus (summoned).

Vanquished Creatures
  Jessica (D:2)
  An adder (D:2)
  2 dart slugs (D:2)
  4 ball pythons
  4 bats (D:1)
  4 endoplasms
  A giant cockroach (D:2)
  5 goblins
  5 hobgoblins
  6 jackals (D:1)
  2 frilled lizards
  4 kobolds
  6 rats
45 creatures vanquished.

Notes
Turn   | Place    | Note
-------+----------+-------------------------------------------
     0 | D:1      | ytrimaz the Demonspawn Fighter began the quest for the Orb.
     0 | D:1      | Reached XP level 1. HP: 18/18 MP: 1/1
   161 | D:1      | Gained mutation: You regenerate magic rapidly. [demonic
                  | ancestry]
   161 | D:1      | Reached XP level 2. HP: 17/24 MP: 2/2
   534 | D:1      | Found a faded altar of an unknown god.
   763 | D:1      | Gained mutation: A weak demonic guardian rushes to your
                  | aid. [demonic ancestry]
   763 | D:1      | Reached XP level 3. HP: 28/28 MP: 3/3
  1021 | D:2      | Noticed Jessica
  1024 | D:2      | Killed Jessica
  1208 | D:2      | Identified a scroll of acquirement
  1208 | D:2      | Acquired the ring "Dosotef" {Fly rPois Str+6 Stlth+}
  1318 | D:2      | Gained mutation: You have a pair of small horns on your
                  | head. [demonic ancestry]
  1318 | D:2      | Reached XP level 4. HP: 32/35 MP: 4/4
  1404 | D:2      | Found a snail-covered altar of Cheibriados.
  1466 | D:2      | Got Sobidd's Compendium of the Dusty Entourage
  1505 | D:2      | Became a worshipper of Cheibriados the Contemplative
  1635 | D:2      | Noticed Sigmund
  1663 | D:2      | Mangled by Sigmund

Illustrated notes

Levels and vault maps discovered:
D:1:      eino_arrival_water_star, layout_basic,
          shapermc_ecumenical_altar_starsandcircs, st_stairs_7,
          grunt_decor_one_mirror
D:2:      layout_loops_ring, basic_altar, nicolae_elevator_lobby_plus,
          uniq_jessica, uniq_sigmund, uniq_terence

Skill      XL: |  1  2 |
---------------+-------+-----
Axes           | 2 |  2.9
Armour         | 3 |  3.3
Shields        | 3 |  3.1
Fighting       | |  3.4

Action                   |  1- 3 |  4- 6 || total
-------------------------+-------+-------++-------
Melee: War axe           |    81 |    22 ||   103
       Headbutt          |       |     3 ||     3
  Use: Scroll            |     3 |     3 ||     6
       Potion            |       |     4 ||     4
 Stab: Sleeping          |       |     3 ||     3
Armor: Scale mail        |    60 |     9 ||    69
Dodge: Dodged            |    56 |    14 ||    70
Block: Buckler           |    19 |     3 ||    22

Table legend: (Time is in decaauts)
 A = Elapsed time spent in this place.
 B = Non-inter-level travel time spent in this place.
 C = Inter-level travel time spent in this place.
 D = Time resting spent in this place.
 E = Time spent auto-exploring this place.
 F = Levels seen in this place.
 G = Mean time per level.
                   A        B        C        D        E       F      G
               +--------+--------+--------+--------+--------+-----+--------+
         Total |   1742 |   1720 |     22 |      0 |   1321 |   2 |  871.0 |
       Dungeon |   1742 |   1720 |     22 |      0 |   1321 |   2 |  871.0 |
               +--------+--------+--------+--------+--------+-----+--------+

Top non-repeatable levels by time:
     D:1: 1048 daAuts
     D:2: 694 daAuts
